Map: Abyssal Reef LE

Players

ShaDoWn - Winner!

  • Race: Protoss Protoss
  • League: Grandmaster
  • Spawn Location: 11:00

Railgan

  • Race: Zerg Zerg
  • League: Grandmaster
  • Spawn Location: 5:00

VOD

Have the link to the VOD?

Description

Time

  • Played on: Feb. 27, 2017, 6:15 p.m.
  • Length: 5:39
Show
View Real Time Build Order
Export as new Build Order

ShaDoWn Protoss - Winner!

Build Orders: 1 Gate Expand 

Get SALT Encoding   

  12  0:01  Probe (Chrono Boost)  
  13  0:12  Probe (Chrono Boost)  
  14  0:19  Pylon  
  14  0:22  Probe (Chrono Boost)  
  15  0:38  Probe (Chrono Boost)  
  15  0:41  Gateway  
  16  0:48  Probe (Chrono Boost)  
  17  0:51  Assimilator  
  17  0:59  Probe (Chrono Boost)  
  17  1:02  Pylon  
  18  1:09  Probe (Chrono Boost)  
  19  1:26  Nexus  
  19  1:29  Probe (Chrono Boost)  
  20  1:38  Cybernetics Core  
  20  1:41  Probe (Chrono Boost)  
  20  1:45  Assimilator  
  21  1:51  Probe (Chrono Boost)  
  22  1:55  Pylon  
  22  2:02  Probe (Chrono Boost)  
  23  2:13  Probe (Chrono Boost)  
  23  2:14  Adept  
  23  2:15  Warp Gate  
  26  2:24  Probe (Chrono Boost)  
  26  2:26  Twilight Council  
  27  2:35  Probe (Chrono Boost)  
  28  2:38  Probe (Chrono Boost)  
  28  2:41  Adept  
  31  2:45  Probe (Chrono Boost)  
  31  2:49  Probe (Chrono Boost), Resonating Glaives  
  33  2:56  Probe (Chrono Boost)  
  34  2:59  Probe (Chrono Boost)  
  35  3:08  Adept, Probe (Chrono Boost)  
  35  3:10  Probe (Chrono Boost)  
  39  3:13  Gateway  
  39  3:18  Gateway  
  39  3:20  Probe (Chrono Boost)  
  39  3:24  Probe (Chrono Boost)  
  41  3:29  Pylon  
  41  3:31  Probe (Chrono Boost)  
  42  3:37  Mothership Core (Chrono Boost)  
  42  3:38  Adept  
  46  3:45  Pylon  
  46  3:47  Probe (Chrono Boost)  
  47  3:57  Probe x2 (Chrono Boost)  
  49  4:03  Nexus  
  49  4:09  Probe (Chrono Boost)  
  50  4:10  Probe (Chrono Boost)  
  50  4:16  Pylon  
  51  4:21  Adept x2, Probe (Chrono Boost)  
  51  4:22  Adept  
  58  4:27  Probe (Chrono Boost)  
  58  4:29  Assimilator  
  58  4:30  Assimilator  
  59  4:33  Probe (Chrono Boost)  
  59  4:34  Pylon  
  59  4:37  Probe (Chrono Boost)  
  61  4:43  Sentry x2  
  61  4:44  Sentry  
  68  4:46  Probe (Chrono Boost)  
  68  4:48  Probe (Chrono Boost)  
  68  4:50  Pylon  
  69  4:58  Probe (Chrono Boost)  
  69  4:59  Probe (Chrono Boost)  
  70  5:14  Probe (Chrono Boost)  
  70  5:16  Probe (Chrono Boost)  
  70  5:17  Probe (Chrono Boost)  
  70  5:19  Sentry x3  
  70  5:21  Robotics Facility  
  76  5:26  Probe (Chrono Boost)  
  76  5:27  Probe x2 (Chrono Boost)  
  75  5:32  Forge  
Show
View Real Time Build Order
Export as new Build Order

Railgan Zerg 

Build Orders: Pool First 

Get SALT Encoding   

  12  0:01  Drone  
  13  0:14  Overlord  
  13  0:17  Drone  
  14  0:33  Drone x2  
  16  0:42  Drone  
  17  0:55  Drone  
  18  0:57  Drone  
  18  0:59  Extractor  
  18  1:01  Spawning Pool  
  17  1:08  Drone  
  18  1:20  Drone  
  18  1:23  Hatchery  
  18  1:29  Drone  
  19  1:41  Overlord  
  19  1:47  Queen  
  19  1:53  Zergling x2  
  22  2:04  Drone  
  23  2:12  Metabolic Boost  
  23  2:15  Drone  
  24  2:24  Queen  
  24  2:27  Drone  
  27  2:30  Evolution Chamber  
  27  2:34  Drone  
  27  2:35  Queen  
  29  2:39  Drone  
  30  2:45  Overlord  
  30  2:47  Drone  
  31  2:56  Drone  
  31  2:59  Zerg Melee Weapons Level 1  
  31  3:04  Queen  
  33  3:06  Zergling x2  
  33  3:07  Zergling x4  
  33  3:12  Zergling x2  
  37  3:16  Drone  
  38  3:23  Drone  
  38  3:24  Drone  
  38  3:25  Lair  
  40  3:31  Drone x2  
  42  3:36  Drone  
  42  3:37  Drone  
  42  3:39  Overlord  
  44  3:46  Roach Warren  
  43  3:51  Drone  
  44  4:09  Drone x8  
  49  4:17  Overlord x2  
  48  4:25  Overlord  
  48  4:26  Extractor  
  48  4:27  Extractor  
  46  4:33  Overlord  
  46  4:37  Roach x2  
  50  4:39  Hatchery, Roach  
  50  4:40  Drone  
  50  4:43  Roach  
  56  4:45  Roach  
  56  4:59  Roach  
  53  5:00  Roach  
  53  5:03  Drone x2  
  54  5:13  Roach x3  
  57  5:18  Drone  
  57  5:19  Drone  
Tags
 
Add a new tag
Caveats
  • Supply blocks, unpowered buildings, or Contaminate may cause inaccurate times.
  • Supply counts are checked every 10 seconds.